 Dungeon Crawl Stone Soup version 0.28-a0-1429-gf3d713df7a (webtiles) character file.

Game seed: 6900259349799620731

8845 Hasart the Summoner (level 11, -19/54 HPs)
             Began as a Kobold Summoner on Jan 8, 2022.
             Was a Believer of Hepliaklqana.
             Killed from afar by a molten gargoyle (33 damage)
             ... with a bolt of magma
             ... on level 10 of the Dungeon.
             The game lasted 00:29:59 (12094 turns).

Hasart the Summoner (Kobold Summoner)              Turns: 12094, Time: 00:29:59

Health: -19/54     AC: 12    Str:  6    XL:     11   Next: 63%
Magic:  24/24      EV: 16    Int: 20    God:    Hepliaklqana [**....]
Gold:   338        SH:  6    Dex: 16    Spells: 19/28 levels left

rFire   . . .      SeeInvis .   t - +3 short sword (speed)
rCold   . . .      Faith    .   i - +0 buckler
rNeg    . . .      Spirit   .   v - +2 robe of Fortification {Regen+}
rPois   .          Reflect  .   u - +1 helmet
rElec   .          Harm     .   o - +0 cloak
rCorr   .          Rampage  .   k - +1 pair of gloves
Will    .....                   y - +2 pair of boots {Fly}
Stlth   +++.......              (no amulet)
HPRegen 0.98/turn               (no ring)
MPRegen 0.19/turn               (no ring)

@: flying, studying Bows
A: reduced essence, small, no large weapons, nightstalker 3
a: Renounce Religion, Recall Ancestor, Ancestor Identity


You were on level 10 of the Dungeon.
You worshipped Hepliaklqana.
Hepliaklqana was pleased with you.
You visited 2 branches of the dungeon, and saw 11 of its levels.

You collected 510 gold pieces.
You spent 172 gold pieces at shops.

Inventory:

Hand Weapons
 t - a +3 short sword of speed (weapon)
 x - a +4 dagger of freezing
Missiles
 p - a throwing net
Armour
 i - a +0 buckler (worn)
 k - a +1 pair of gloves (worn)
 o - a +0 cloak (worn)
 u - a +1 helmet (worn)
 v - the +2 robe of Fortification (worn) {Regen+}
   (You took it off Robin on level 4 of the Dungeon)

   Regen:     It increases your rate of health regeneration.
 y - a +2 pair of boots of flying (worn)
 D - an orb of energy
Magical Staves
 A - a staff of cold
Wands
 e - a wand of flame (35)
 n - a wand of paralysis (8)
 s - a wand of digging (9)
 B - a wand of polymorph (8)
 C - a wand of mindburst (11)
Scrolls
 a - 4 scrolls of identify
 b - a scroll of fog {unknown}
 c - 3 scrolls of vulnerability
 f - 2 scrolls of teleportation
 m - a scroll of fear
 q - 2 scrolls of enchant weapon
 w - a scroll of amnesia
 E - a scroll of magic mapping
Potions
 d - a potion of berserk rage
 g - 3 potions of degeneration
 h - 2 potions of flight
 j - 2 potions of attraction
 l - 5 potions of heal wounds
 r - a potion of mutation {unknown}
 z - a potion of brilliance {unknown}


   Skills:
 - Level 3.0 Fighting
 - Level 5.0 Dodging
 - Level 2.6 Stealth
 - Level 3.0 Shields
 + Level 9.3 Spellcasting
 * Level 13.1 Summonings
 - Level 5.0 Air Magic


You had 19 spell levels left.
You knew the following spells:

 Your Spells              Type           Power      Damage    Failure   Level
a - Call Imp              Summ           58%        N/A       1%          2
c - Call Canine Familiar  Summ           58%        N/A       1%          3
d - Summon Lightning Spi  Summ/Air       45%        N/A       2%          4

Your spell library contained the following spells:

 Spells                   Type           Power      Damage    Failure   Level
 Summon Small Mammal      Summ           100%       N/A       1%          1
 Summon Guardian Golem    Hex/Summ       35%        N/A       2%          3
 Poisonous Vapours        Pois/Air       38%        N/A       6%          2
 Foxfire                  Conj/Fire      36%        2x1d5     11%         1
 Sting                    Tmut/Pois      36%        1d4       11%         1
 Sublimation of Blood     Necr           9%         N/A       16%         2
 Wereblood                Tmut           9%         N/A       16%         2
 Confusing Touch          Hex            9%         N/A       32%         3
 Conjure Flame            Conj/Fire      9%         6-21      32%         3
 Inner Flame              Hex/Fire       9%         N/A       32%         3
 Portal Projectile        Hex/Tloc       18%        N/A       32%         3
 Summon Hydra             Summ           29%        N/A       38%         7
 Flame Wave               Conj/Fire      9%         2d4       71%         4
 Leda's Liquefaction      Hex/Erth       4%         N/A       71%         4
 Olgreb's Toxic Radiance  Pois           9%         N/A       71%         4
 Yara's Violent Unravell  Hex/Tmut       4%         3d4       96%         5
 Enfeeble                 Hex            4%         N/A       100%        7


Dungeon Overview and Level Annotations

Branches:
Dungeon (10/15)            Temple (1/1) D:6
   Lair: D:8-11         Orc: D:9-12

Altars:
Dithmenos
Elyvilon
Fedhas
Hepliaklqana
Kikubaaqudgha
Makhleb
Nemelex Xobeh
Okawaru
Ru
Sif Muna
Wu Jian
Xom
Zin
The Shining One

Shops:
D:1 =   D:7 (*

Annotations:
D:9 Harold


Innate Abilities, Weirdness & Mutations

Your life essence is reduced to manifest your ancestor. (-10% HP)
You are small and have problems with some larger weapons.
You are completely attuned to the shadows.


Message History

Things that are here:
a +0 dagger; a +0 robe; an orc corpse You see here a yak corpse.
Things that are here:
a +0 club; a +0 chain mail
l - 5 potions of heal wounds (gained 2)
You may now remember your ancestor's life.
Are you sure you want to remember your ancestor as a hexer?
It is so. 2 molten gargoyles come into view.
A molten gargoyle is wielding a +1 flail of draining.
The molten gargoyle moves out of view.
A molten gargoyle is nearby!
A molten gargoyle is nearby!
The molten gargoyle barely misses you.
A molten gargoyle comes into view. It is wielding a +0 dire flail.
The molten gargoyle blasts magma at you!
The bolt of magma misses you.
The molten gargoyle hits you with a +0 mace!
You are engulfed in flames!
You swap places.
Your warg bites the molten gargoyle!
The molten gargoyle misses you.
The molten gargoyle hits you with a +0 mace!
You are engulfed in flames!
* * * LOW HITPOINT WARNING * * *
Unknown command.
The molten gargoyle hits Eadburga with a +1 flail of draining!
Eadburga is engulfed in flames.
Eadburga resists.
Your warg bites the molten gargoyle but does no damage.
The molten gargoyle hits your warg with a +0 mace!
Your warg is engulfed in flames!
Your warg bites the molten gargoyle but does no damage.
The molten gargoyle blasts magma at you!
The bolt of magma hits your warg!!
Your warg dies!
Your warg's corpse disappears in a puff of smoke!
The bolt of magma hits you!!
Ouch! That really hurt!
You die...

####.###.#
.........#
#.#.####.###.#
#.#.####.###..
......R.....#
#.####.####.
#......#
#..##### #
#.#@#.#.#.#
..#.#.#.#.#.
##...≈§9.§.#
#§#§≈§R≈§§§.
##.≈≈§≈≈9§§#
.#.≈≈88≈≈≈.
.≈≈≈88≈≈.#


You could see the friendly Eadburga the hexer and 2 molten gargoyles.

Vanquished Creatures
  A wraith (D:7)
  A wyvern (D:9)
  A yak (D:10)
  2 kobold brigands (D:8)
  A bullfrog (D:8)
  2 scorpions
  A water moccasin skeleton (D:6)
  A wight (D:7)
  2 centaur zombies
  2 orc priests
  A centaur skeleton (D:7)
  3 hounds
  An iguana (D:5)
  3 adders
  A white imp (D:7)
  An adder skeleton (D:2)
  4 worms
  3 dart slugs
  18 orcs
  5 bats
  4 endoplasms
  A giant cockroach (D:4)
  6 goblins
  6 hobgoblins
  7 kobolds
  A quokka (D:2)
  5 ball pythons
  4 frilled lizards
  A jackal skeleton (D:4)
  6 rats
95 creatures vanquished.

Vanquished Creatures (collateral kills)
  A two-headed ogre (D:8)
  Maggie (D:7)
  A kobold demonologist (D:8)
  17 yaks
  A vampire (D:10)
  A steam dragon (D:9)
  A warg (D:10)
  Menkaure (D:4)
  Duvessa (D:7)
  A nameless horror (D:6)
  2 water moccasins
  2 hornet zombies (D:6)
  2 orc warriors
  2 ice beasts
  3 necrophages
  An ogre (D:5)
  A centaur (D:7)
  8 kobold brigands
  A bullfrog (D:8)
  A gnoll sergeant (D:8)
  Dowan (D:7)
  8 wights
  A howler monkey (D:5)
  2 centaur zombies
  A bullfrog zombie (D:5)
  An orc priest (D:3)
  A jelly (D:7)
  A bullfrog skeleton (D:6)
  Crazy Yiuf (D:2)
  2 iguanas
  Ijyb (D:4)
  7 orc wizards
  Natasha (thrice) (D:2)
  A hound skeleton (D:4)
  A howler monkey zombie (D:5)
  Robin (D:4)
  12 gnolls
  5 adders
  A shadow imp (D:8)
  4 worms
  2 dart slugs
  14 orcs
  A ball python (D:1)
  3 endoplasms
  A giant cockroach (D:4)
  3 goblins
  4 hobgoblins
  A quokka (D:4)
  2 frilled lizards (D:2)
  8 kobolds
  A rat (D:1)
144 creatures vanquished.

Vanquished Creatures (others)
  6 ancestors
  A fungus (D:2)
  A plant (D:10)
8 creatures vanquished.

Grand Total: 247 creatures vanquished

Notes
Turn   | Place    | Note
-------+----------+-------------------------------------------
     0 | D:1      | Hasart the Kobold Summoner began the quest for the Orb.
     0 | D:1      | Reached XP level 1. HP: 10/10 MP: 3/3
   722 | D:1      | Reached XP level 2. HP: 13/15 MP: 0/5
   725 | D:1      | Learned a level 2 spell: Call Imp
  1071 | D:1      | Found a faded altar of an unknown god.
  1120 | D:1      | Found Kantyjoa's Jewellery Shop.
  1587 | D:2      | Reached XP level 3. HP: 12/19 MP: 1/6
  1899 | D:2      | Learned a level 3 spell: Call Canine Familiar
  1918 | D:2      | Noticed Natasha
  1924 | D:2      | Killed Natasha
  1925 | D:2      | Reached skill level 5 in Summonings
  1925 | D:2      | Reached XP level 4. HP: 7/24 MP: 4/8
  2354 | D:2      | Noticed Natasha
  2360 | D:2      | Killed Natasha
  2402 | D:2      | Noticed Natasha
  2414 | D:2      | Killed Natasha
  2415 | D:2      | Reached XP level 5. HP: 16/28 MP: 1/10
  3695 | D:1      | Reached skill level 6 in Summonings
  3695 | D:1      | Reached XP level 6. HP: 28/32 MP: 6/11
  3916 | D:2      | Found a runed translucent door.
  3919 | D:2      | Noticed Crazy Yiuf
  3935 | D:2      | Killed Crazy Yiuf
  4793 | D:3      | Identified the +1 leather armour of the Spheres {Stlth+}
  4986 | D:3      | Found a glowing silver altar of Zin.
  4988 | D:3      | Found an iron altar of Okawaru.
  4989 | D:3      | Found a white marble altar of Elyvilon.
  4989 | D:3      | Found a shimmering altar of Xom.
  5387 | D:4      | Noticed Ijyb
  5409 | D:3      | Reached XP level 7. HP: 12/37 MP: 3/13
  5623 | D:4      | Killed Ijyb
  5719 | D:4      | Identified the +2 robe of Fortification {Regen+}
  5719 | D:4      | Noticed Robin
  5725 | D:4      | Killed Robin
  5740 | D:4      | Reached skill level 1 in Fighting
  5971 | D:4      | Learned a level 4 spell: Summon Lightning Spire
  6232 | D:4      | Noticed Menkaure
  6241 | D:5      | Entered Level 5 of the Dungeon
  6322 | D:5      | Reached skill level 1 in Shields
  6501 | D:5      | Reached skill level 7 in Summonings
  6565 | D:5      | Reached skill level 1 in Air Magic
  6636 | D:5      | Reached XP level 8. HP: 44/44 MP: 12/14
  7114 | D:4      | Killed Menkaure
  7436 | D:6      | Noticed a nameless horror
  7540 | D:6      | Killed a nameless horror
  7831 | D:6      | Reached skill level 5 in Spellcasting
  8110 | D:6      | Found a staircase to the Ecumenical Temple.
  8123 | Temple   | Entered the Ecumenical Temple
  8173 | Temple   | Became a worshipper of Hepliaklqana the Forgotten
  8445 | D:6      | Reached skill level 8 in Summonings
  8445 | D:6      | Reached XP level 9. HP: 50/50 MP: 2/16
  9183 | D:7      | Reached skill level 5 in Dodging
  9503 | D:7      | Noticed Dowan
  9522 | D:7      | Reached skill level 9 in Summonings
  9568 | D:7      | Noticed Duvessa
  9606 | D:7      | Reached * piety under Hepliaklqana
  9612 | D:7      | Killed Duvessa
  9615 | D:7      | Killed Dowan
  9761 | D:7      | Found Yxziuk's Weapon Shoppe.
  9815 | D:7      | Reached XP level 10. HP: 50/50 MP: 13/19
  9973 | D:7      | Found Xodwut's Assorted Antiques.
  9979 | D:7      | Bought a pair of embroidered boots for 172 gold pieces
 10136 | D:7      | Noticed Maggie
 10149 | D:7      | Killed Maggie
 10150 | D:7      | Reached skill level 10 in Summonings
 10150 | D:7      | Reached skill level 5 in Air Magic
 10859 | D:8      | Noticed a kobold demonologist
 10899 | D:8      | Noticed an orange demon
 10907 | D:8      | Noticed a smoke demon
 10999 | D:8      | Noticed a sun demon
 11025 | D:8      | Noticed a rust devil
 11029 | D:8      | Killed a kobold demonologist
 11067 | D:8      | Reached skill level 11 in Summonings
 11255 | D:8      | Noticed a two-headed ogre
 11265 | D:8      | Killed a two-headed ogre
 11369 | D:8      | Reached XP level 11. HP: 54/54 MP: 17/23
 11592 | D:9      | Reached skill level 12 in Summonings
 11790 | D:9      | Found a sacrificial altar of Ru.
 11816 | D:9      | Noticed Harold
 11875 | D:10     | Entered Level 10 of the Dungeon
 11954 | D:10     | Reached skill level 13 in Summonings
 12083 | D:10     | Reached ** piety under Hepliaklqana
 12084 | D:10     | Remembered your ancestor Eadburga as a hexer
 12094 | D:10     | Killed from afar by a molten gargoyle

Illustrated notes

Levels and vault maps discovered:
D:1:      kilobyte_arrival_exit_the_forest, layout_basic, serial_shops, shop,
          shapermc_ecumenical_altar_mp_urbaneastern
D:2:      layout_rooms, uniq_crazy_yiuf_cottage, uniq_natasha
D:3:      layout_rooms, mainiacjoe_overflow_alcove_3
D:4:      layout_cave_pools, uniq_ijyb, uniq_robin, uniq_menkaure
D:5:      layout_basic, lightli_corner_chamber
D:6:      layout_basic, minmay_temple_entry_ruins, due_unseen_surprise
D:7:      layout_basic, serial_shops, shop_statue, shop_fountains,
          minmay_manual_mullet, uniq_duvessa, uniq_maggie
D:8:      layout_rooms, special_room [special_room_kobold]
D:9:      layout_loops_ring, mainiacjoe_overflow_six_doors_small, uniq_harold,
          uniq_psyche
D:10:     layout_loops_cross, nicolae_overflow_hidden_temple,
          erik_lair_orcish_takeover, minivault_8
Temple:   regret_index_temple_waves

Skill      XL: |  1  2  3  4  5  6  7  8  9 10 11 |
---------------+----------------------------------+-----
Spellcasting   | 3 4 5 6 8 9 |  9.3
Summonings     | 5 6 7 8 9 11 13 | 13.1
Fighting       | 1 3 |  3.0
Dodging        | 3 4 5 |  5.0
Shields        | 1 2 3 |  3.0
Air Magic      | 1 2 4 5 |  5.0
Stealth        | |  2.6

Action                   |  1- 3 |  4- 6 |  7- 9 | 10-12 || total
-------------------------+-------+-------+-------+-------++-------
Melee: Unarmed           |    41 |       |       |       ||    41
       Quarterstaff      |    36 |    89 |       |       ||   125
       Spear             |     3 |       |       |       ||     3
       Whip              |       |    29 |    17 |       ||    46
       Short sword       |       |       |   314 |   211 ||   525
 Cast: Summon Small Mamm |     6 |     1 |       |       ||     7
       Call Imp          |     7 |    13 |    13 |       ||    33
       Call Canine Famil |     1 |    23 |    45 |    23 ||    92
       Summon Lightning  |       |       |     6 |    11 ||    17
Invok: Ancestor Identity |       |       |       |     1 ||     1
       Ancestor Life: He |       |       |       |     1 ||     1
Evoke: Wand              |       |       |     1 |     1 ||     2
  Use: Scroll            |       |       |    15 |       ||    15
 Stab: Sleeping          |     9 |     6 |    13 |     5 ||    33
       Distracted        |       |       |     3 |     2 ||     5
Armor: Robe              |    16 |    11 |    82 |    53 ||   162
       Leather armour    |       |     7 |     5 |       ||    12
Dodge: Dodged            |    67 |    93 |   201 |   142 ||   503
Block: Buckler           |       |     9 |    65 |    40 ||   114

Table legend: (Time is in decaauts)
 A = Elapsed time spent in this place.
 B = Non-inter-level travel time spent in this place.
 C = Inter-level travel time spent in this place.
 D = Time resting spent in this place.
 E = Time spent auto-exploring this place.
 F = Levels seen in this place.
 G = Mean time per level.
                   A        B        C        D        E       F      G
               +--------+--------+--------+--------+--------+-----+--------+
         Total |  12050 |  11668 |    382 |   1301 |   7429 |  11 | 1095.5 |
       Dungeon |  11960 |  11618 |    342 |   1301 |   7391 |  10 | 1196.0 |
        Temple |     90 |     50 |     40 |      0 |     38 |   1 |   90.0 |
               +--------+--------+--------+--------+--------+-----+--------+

Top non-repeatable levels by time:
     D:2: 2471 daAuts
     D:1: 1889 daAuts
     D:6: 1642 daAuts
     D:7: 1638 daAuts
     D:3: 1289 daAuts
     D:4: 857 daAuts
     D:5: 807 daAuts
     D:8: 790 daAuts
     D:9: 364 daAuts
    D:10: 209 daAuts
  Temple: 90 daAuts
